[Event "1000IM Saint Louis 2022"]
[Site "Saint Louis"]
[Date "2022.07.20"]
[Round "3.2"]
[White "Proleiko, Julian"]
[Black "Tokhirjonova, Gulrukhbegim"]
[Result "1/2-1/2"]
[ECO "E20"]
[WhiteElo "2238"]
[BlackElo "2329"]
[Annotator "TA"]
[PlyCount "168"]
[EventDate "2022.07.20"]
[EventType "tourn"]
[EventCountry "USA"]
[SourceTitle "playchess.com"]
[Source "ChessBase"]
[SourceQuality "1"]
[TimeControl "5400+30"]

1. d4 Nf6 2. c4 e6 3. Nc3 Bb4 4. f3 c5 5. d5 b5 6. e4 bxc4 7. Bxc4 exd5 8. Bxd5 Nxd5 9. Qxd5 Nc6 10. Nge2 O-O 11. O-O {[%emt 0:02:24] E20: Nimzo-Indian: 4 g3 and 4 f3.} Rb8 12. Rd1 {[%emt 0:10:28] [#]} Ne7 $146 ({Predecessor:} 12... Rb6 13. Be3 Nd4 14. Nxd4 Bb7 15. Qb3 cxd4 16. Bxd4 Bc5 17. Qc2 Qc7 18. Qf2 Bxd4 19. Rxd4 {1-0 (50) Sommer,M (1944)-Ponnath,L (2070) Bayern 1999}) 13. Qg5 Rb6 14. Nf4 {[%emt 0:00:47] White is much more active.} h6 15. Qg3 Bxc3 16. bxc3 Bb7 17. Be3 Qc8 18. Nd3 $40 {[%emt 0:03:23][%mdl 128] White is out for blood.} Re8 19. Bxc5 Rg6 20. Qf2 d6 21. Bxa7 d5 22. Nf4 dxe4 23. Nxg6 Nxg6 24. fxe4 Bxe4 (24... Qxc3 $16 25. Rac1 Qe5) 25. Bd4 $18 f5 26. Qb2 $2 (26. a4 $18) 26... Nf4 {[%emt 0:01:27] [#]} ({Black should try} 26... Nh4 $14) 27. Rd2 $1 $16 Re6 28. Rf1 Qc7 29. Be3 Nd5 {[%emt 0:01:42] [#]} 30. Qb3 $1 Rg6 $2 (30... Kh8 $16 {is tougher.} 31. Bd4 Rc6 32. Rxf5 Bxf5 33. Qxd5 Be6) 31. Rxf5 $2 Bxf5 32. Qxd5+ Be6 33. Qd8+ Qxd8 34. Rxd8+ {[%emt 0:00:01][%mdl 4096] Endgame KRB-KRB} Kf7 35. a4 Ke7 36. Rd2 Bc8 37. a5 Bb7 38. Bc5+ Ke8 39. Rb2 Bd5 40. Bb6 Bb7 41. c4 Rg4 (41... Ba6 $16 42. g3 Bxc4) 42. c5 $18 Kd7 (42... Rg6 {keeps fighting.} 43. Rd2 Ke7) 43. Ra2 Ba6 44. Rd2+ Ke7 45. c6 {[%emt 0:00:26] Rd7+ is the strong threat.} Rc4 46. c7 Bb7 47. g3 g5 (47... Ba6 $142 48. Rd8 Ke6) 48. Kf2 h5 (48... Rc6 $142 49. Rd8 Ke6) 49. Rd8 h4 $2 (49... Ke6 50. Rg8 Kd7) 50. gxh4 gxh4 51. Ke3 {[%emt 0:00:30] aiming for Rb8.} h3 (51... Ke6 $142 52. Re8+ Kd7 53. Rd8+ Ke6) 52. Rb8 Ba6 53. Kf3 (53. Ra8 $142 Bb7 54. Ra7) 53... Kd7 54. Rd8+ Ke7 55. Kg3 Rc3+ 56. Kh4 Bb7 57. Rg8 Kd6 58. Rg3 Rc4+ (58... Rxg3 {was called for.} 59. Kxg3 Bc8) 59. Rg4 $2 (59. Kh5 $18) 59... Rc3 (59... Rxg4+ $16 {is a better chance.} 60. Kxg4 Bc8+ 61. Kf4 Ba6) 60. Rd4+ Kc6 (60... Ke6 $142 61. Rd8 Kf5) 61. Rd8 Kb5 62. Rb8 Ka6 63. Kg4 Bd5 64. Rh8 ({Not} 64. c8=Q+ Rxc8 65. Rxc8 Be6+ 66. Kg5 Bxc8 $14) 64... Be6+ 65. Kf4 {[%emt 0:00:05] White threatens Re8 and mate.} Kb7 $2 (65... Rc6 $18 66. Ke4 Kb7 67. Rb8+ Ka6) 66. Rb8+ Ka6 67. Ke5 $2 (67. Re8) 67... Bg4 $2 (67... Rc6 $18 68. Re8 Bd7) 68. Rg8 Bd7 69. Kd6 Bf5 70. Ra8+ Kb5 71. Rf8 $2 (71. Ke5 {mates} Bd7 72. Rd8 Bg4 73. Rg8 Bd7 74. Kd6 Rd3+ 75. Ke7 Kc6 76. Rd8) 71... Bg4 $2 (71... Rc6+ $18 72. Ke5 Bg4) 72. Ke7 (72. Rg8 $142 Rc6+ 73. Ke7 Be2 74. c8=Q Rxc8 75. Rxc8 Bg4 76. Rc5+ Kb4 77. a6) 72... Ka6 73. Ra8+ (73. Rf6 $142 Rc2 74. Kd8) 73... Kb7 74. Ra7+ $2 (74. Rb8+ $18 {is more deadly.} Ka6 75. Rg8) 74... Kc8 $16 75. Ra8+ $2 (75. Kd6 $16 Bf3 76. Ke5) 75... Kb7 $18 76. Rb8+ Ka6 77. Kd6 Rc2 78. Rg8 Bf5 79. Rf8 Bg4 80. Rf2 $2 {[%emt 0:07:26] Inhibits Rd2+.} (80. Be3 $18 Kb7 81. Rb8+ Ka6 82. Rg8) 80... Rxf2 $14 81. Bxf2 {[%emt 0:00:01] White wants to mate with Ke7.} Kxa5 82. Kc6 {[%emt 0:00:20] Intending Kb7 and mate.} Ka6 83. Bg3 Bf3+ 84. Kd7 Bg4+ {[%emt 0:00:05] Weighted Error Value: White=0.41/Black=0.48} 1/2-1/2

[Event "1000IM Saint Louis 2022"]
[Site "Saint Louis"]
[Date "2022.07.20"]
[Round "3.3"]
[White "Williams, Justus"]
[Black "Wang, Tianqi"]
[Result "0-1"]
[ECO "D23"]
[WhiteElo "2390"]
[BlackElo "2402"]
[Annotator "TA"]
[PlyCount "111"]
[EventDate "2022.07.20"]
[EventType "tourn"]
[EventCountry "USA"]
[SourceTitle "playchess.com"]
[Source "ChessBase"]
[SourceQuality "1"]
[TimeControl "5400+30"]

1. d4 d5 2. c4 c6 3. Nf3 Nf6 4. Qc2 dxc4 5. Qxc4 Bf5 6. Nc3 e6 7. g3 Be7 8. Bg2 O-O 9. O-O Nbd7 10. Bg5 h6 11. Bxf6 {[%emt 0:03:28] D23: Queen's Gambit Accepted: 3 Nf3 Nf6 sidelines.} Nxf6 12. Ne5 Nd7 13. Nxd7 {[%emt 0:05:41] The position is equal.} Qxd7 {[%emt 0:00:23] [#]} 14. e3 $146 ({Predecessor:} 14. Rfd1 Rfd8 15. Rac1 Rac8 16. a3 Qc7 17. e3 Qa5 18. Qa4 Qb6 19. b4 Bg4 20. Re1 {½-½ (27) Dreev,A (2670)-Chernin,A (2600) Reggio Emilia 1995}) 14... Rfd8 15. Rfd1 Rac8 16. b4 Qd6 17. a3 e5 18. Ne4 Qc7 19. Nc5 exd4 20. exd4 b6 21. Nb3 Be6 {[%emt 0:01:03] This bishop pair is nice.} 22. Qc2 Bf6 23. Rac1 Qd6 {[%emt 0:00:16] Against d5} 24. Nd2 (24. Bf1 $15) 24... Bxd4 $17 (24... Qxd4 25. Ne4 Qe5 26. Qa4 $15) 25. Bxc6 (25. Nf3 $17 c5 26. Qb1) 25... Bxf2+ $2 26. Kxf2 $15 {[%emt 0:02:07] Nf3 is the strong threat.} Qd4+ 27. Kg2 {[%emt 0:10:53] [#] Threatens to win with b5.} Rxc6 $1 {[%emt 0:09:04][%mdl 64] Remove Defender, Decoy} 28. Qxc6 Bd5+ 29. Nf3 Bxc6 30. Rxd4 Bxf3+ {[%emt 0:00:03][%mdl 64] Remove Defender} 31. Kxf3 Rxd4 $17 {[%emt 0:00:02][%mdl 4096] Endgame KR-KR} 32. Rc8+ Kh7 {[%emt 0:00:05] White must now prevent ...Rd3+.} 33. Rc7 (33. Ke3 $142 Rd7 34. Rc6) 33... Rd3+ 34. Kg2 Rxa3 35. Rxf7 Kg6 36. Rc7 Ra4 37. b5 Ra5 (37... Ra2+ $142 38. Kg1 Kf6) 38. Rc6+ (38. h4 $17) 38... Kf5 $19 39. Rc7 (39. g4+ {is a better defense.} Ke4 40. Rc4+ Ke5 41. Rc7) 39... g5 ({Weaker is} 39... Rxb5 40. Rxa7 Rb2+ 41. Kf3 $17) 40. h3 h5 ({Worse is} 40... Rxb5 41. Rxa7 Ke4 42. h4 $17) 41. Rh7 $2 (41. Kf3 {is the only way for White.}) 41... Rxb5 42. Rxa7 Rb2+ 43. Kf3 g4+ 44. hxg4+ hxg4+ 45. Ke3 {[%emt 0:00:06] Loses the game.} Rg2 $1 46. Rf7+ Ke5 47. Re7+ {[%emt 0:05:24] [#]} Kd6 $1 48. Re4 Rxg3+ 49. Kf2 Rd3 50. Ke2 {[%emt 0:00:25] [#]} Rd5 $1 {[%emt 0:00:07] ( -> ...Re5)} ({Inferior is} 50... Rg3 51. Kf2 Kd5 52. Ra4 $17) 51. Rxg4 Kc5 {[%emt 0:00:05] Black mates.} 52. Rg1 b5 53. Rc1+ Kb4 54. Ke3 Ka3 55. Ke4 Rd8 56. Ke5 {[%emt 0:01:45] Weighted Error Value: White=0.78/Black=0.10 (very precise)} 0-1

[Event "1000IM Saint Louis 2022"]
[Site "Saint Louis"]
[Date "2022.07.20"]
[Round "3.4"]
[White "Stefanov, Emil"]
[Black "Kozelov, Roman"]
[Result "1-0"]
[ECO "D15"]
[WhiteElo "2342"]
[BlackElo "2104"]
[Annotator "TA"]
[PlyCount "124"]
[EventDate "2022.07.20"]
[EventType "tourn"]
[EventCountry "USA"]
[SourceTitle "playchess.com"]
[Source "ChessBase"]
[SourceQuality "1"]
[TimeControl "5400+30"]

1. d4 d5 2. c4 c6 3. Nf3 Nf6 4. Nc3 a6 5. e3 b5 6. b3 Bg4 7. Be2 {[%emt 0:01:39] 7.a4 is more advanced technology.} e6 {[%emt 0:00:10] 7...Nbd7 is not played anymore.} 8. O-O Bb4 {[%emt 0:00:53] D15: Slav Defence: 4 Nc3 a6 and gambit lines after 4 Nc3 dxc4.} 9. Bd2 Bxc3 10. Bxc3 O-O {[%emt 0:00:04] [#] White is better.} 11. a4 $146 ({Predecessor:} 11. Ne5 Bxe2 12. Qxe2 Nfd7 13. Nf3 Nf6 14. Ne5 Ne4 15. Bb4 Re8 16. f3 Nd6 17. Bxd6 Qxd6 {1-0 (42) Deuer,M (2122)-Marcziter,D (2232) Playchess.com INT 2020}) 11... bxc4 12. bxc4 Nbd7 13. cxd5 cxd5 14. a5 Ne4 15. Bb4 Re8 16. h3 Bh5 17. Qa4 Ng5 $1 18. Bd6 Nxf3+ 19. gxf3 Nf6 (19... e5 $1 $11 {keeps the balance.}) 20. Bf4 {[%emt 0:09:18] White is more active.} Ne4 21. Qc2 {[%emt 0:00:48] Prevents Nd2.} Nd6 22. Rfc1 (22. Bxd6 $14 Qxd6 23. Rfc1) 22... Nc4 23. Bxc4 dxc4 24. Kg2 Rc8 (24... Qd5 $5 25. Qe4 Bg6 26. Qxd5 exd5 $11) 25. Ra4 $1 h6 26. Rxc4 Rxc4 27. Qxc4 Qxa5 28. Qc6 Qd8 29. Rc5 Bg6 30. Qxa6 Qe7 31. Rc7 Qb4 32. Qc6 Rd8 33. Be5 Qb3 34. Qc5 Qd1 35. Rc8 (35. Qa3 $14) 35... Rxc8 $11 36. Qxc8+ {[%emt 0:00:03][%mdl 4096] Endgame KQB-KQB} Kh7 37. Qf8 f6 {[%emt 0:00:04] [#]} 38. Bxf6 $1 gxf6 39. Qe7+ Kg8 40. Qxf6 Bd3 41. Qxe6+ Kg7 {[%emt 0:00:04] [#] aiming for ...Qf1+.} 42. Qe7+ Kg6 {[%emt 0:00:25] And now ...Qf1+ would win.} 43. Qd6+ Kh7 44. Qd7+ Kh8 45. Qg4 Qf1+ {[%emt 0:01:06] The position is equal.} 46. Kg3 Qg1+ 47. Kf4 Qxf2 48. Qc8+ Kh7 49. Qd7+ Kg6 50. Qe6+ Kg7 (50... Kh7 $5 51. Qe7+ Kg6 52. Qe8+ Kg7 53. Qe7+ Kg6 54. Qe8+ Kg7 55. Qe7+ Kg6 $11) 51. Qe5+ Kg6 52. Qe8+ Kg7 53. Qd7+ Kg6 54. Qg4+ Kf7 (54... Kh7 $5 ) 55. Qg3 Qb2 56. Kg4 Qd2 57. Qc7+ Kg6 {[%emt 0:00:13] Threatens to win with ...Bf5+.} 58. Qd6+ Kf7 59. Qd7+ Kf6 {[%emt 0:00:17] ( -> ...Qg2+)} 60. Qd8+ Kf7 61. Qd5+ Kf6 62. Qe5+ Kg6 {[%emt 0:01:57][%mdl 32768] Weighted Error Value: White=0.09 (flawless) /Black=0.09 (flawless) . Sensor Board Error (Ke4/e5)?} 1-0

[Event "1000IM Saint Louis 2022"]
[Site "Saint Louis"]
[Date "2022.07.20"]
[Round "3.5"]
[White "Altman, Joshua"]
[Black "Nyzhnyk, Illya"]
[Result "0-1"]
[ECO "E61"]
[WhiteElo "2162"]
[BlackElo "2686"]
[Annotator "TA"]
[PlyCount "104"]
[EventDate "2022.07.20"]
[EventType "tourn"]
[EventCountry "USA"]
[SourceTitle "playchess.com"]
[Source "ChessBase"]
[SourceQuality "1"]
[TimeControl "5400+30"]

1. d4 Nf6 2. c4 g6 3. Nc3 Bg7 4. Nf3 O-O 5. Bg5 c5 6. e3 cxd4 7. Nxd4 Qa5 {[%emt 0:00:46] E61: King's Indian: Early deviations for White, including Smyslov System.} 8. Bxf6 Bxf6 9. Qd2 Bg7 {[%emt 0:02:12] The position is equal.} 10. Be2 Nc6 11. O-O d6 12. Rfd1 Bd7 {[%emt 0:00:41] [#]} 13. Nb3 $146 ({Predecessor:} 13. a3 Rfc8 14. b4 Qd8 15. Rac1 Qf8 16. Nd5 e6 17. Nxc6 Bxc6 18. Nf4 Rd8 19. Bf1 {0-1 (43) Dvalishvili,P (2439)-Belous,V (2584) Moscow 2014}) 13... Qg5 14. c5 Rad8 15. cxd6 exd6 16. e4 (16. Qxd6 $16 Bc8 17. Qc5 Qxc5 18. Nxc5) 16... Qh4 17. g3 Qh3 18. Nd5 (18. Qxd6 $2 Bxc3 19. bxc3 Bg4 $19) 18... Qe6 19. Bf3 Ne5 20. Bg2 Nc6 (20... Nc4 21. Qb4 Rc8 22. Nd4 Bxd4 23. Rxd4 $16) 21. Rab1 Kh8 22. Nf4 (22. Na5 $14 {was preferrable.}) 22... Qe8 $11 23. Nd5 (23. Qxd6 $2 Bg4 24. Qxd8 Nxd8 $19) 23... f5 24. Re1 {[%emt 0:02:45] White wants to play exf5.} Qf7 25. exf5 Bxf5 26. Rbc1 Rde8 27. Rxe8 Rxe8 28. Ne3 Be4 29. f3 (29. Bxe4 $11 Rxe4 30. Qxd6) 29... Bxf3 $15 30. Rf1 {[%emt 0:00:04] [#]} Bh6 $1 {[%emt 0:00:03] A strong pair of Bishops.} 31. Qc3+ ({Not} 31. Rxf3 $2 {[#]} Qxf3 $3 32. Qc3+ Bg7 33. Bxf3 Bxc3 $19) 31... Qg7 32. Qxg7+ Kxg7 33. Nf5+ gxf5 34. Bxf3 Re7 35. Kg2 Be3 36. Rd1 Rd7 37. Rd3 (37. Bxc6 $11 bxc6 38. Na5) 37... Bb6 38. Rd5 Kf6 39. g4 (39. a3 $17) 39... Ne5 $19 40. h3 h5 41. a4 (41. Nd4 {keeps fighting.}) 41... hxg4 ({Don't go for} 41... fxg4 $2 42. hxg4 hxg4 43. Bd1) 42. hxg4 fxg4 43. Be4 Ke6 44. a5 Be3 45. a6 (45. Kg3 $142) 45... bxa6 46. Ra5 Bb6 47. Bd5+ Kf5 48. Rxa6 (48. Ra4) 48... Rc7 {[%emt 0:00:06] aiming for ...Rc2+. Black is clearly winning.} 49. Kf1 Nc4 {[%emt 0:01:09] Hoping for ...Ne3+.} 50. Bg8 Ne3+ 51. Ke2 Rg7 52. Rxb6 axb6 {[%emt 0:00:05] Weighted Error Value: White=0.40/Black=0.07 (flawless)} 0-1

[Event "1000IM Saint Louis 2022"]
[Site "Saint Louis"]
[Date "2022.07.20"]
[Round "4.1"]
[White "Cervantes Landeiro, Thalia"]
[Black "Nyzhnyk, Illya"]
[Result "0-1"]
[ECO "A53"]
[WhiteElo "2234"]
[BlackElo "2686"]
[Annotator "TA"]
[PlyCount "76"]
[EventDate "2022.07.20"]
[EventType "tourn"]
[EventCountry "USA"]
[SourceTitle "playchess.com"]
[Source "ChessBase"]
[SourceQuality "1"]
[TimeControl "5400+30"]

1. d4 Nf6 2. c4 d6 3. Nc3 Nbd7 4. e4 e5 5. d5 Nc5 6. f3 a5 {[%emt 0:00:05] A53: Old Indian Defence without Nf3.} 7. Bd3 Be7 8. Nge2 Nfd7 {[%emt 0:00:52][%cal Of7f5,Bf6d7,Bd7c5,Bc5b3][%mdl 32] The position is equal.} 9. Be3 Bg5 10. Bf2 Nxd3+ 11. Qxd3 {[%emt 0:00:10] [#]} b6 $146 ({Predecessor:} 11... Nc5 12. Qc2 h5 13. h4 Bh6 14. Rg1 g6 15. g4 Bg7 16. g5 Bd7 17. O-O-O a4 18. Bxc5 dxc5 {0-1 (43) Poulin,M (2005)-Onkoud,A (2308) Montreal 2015}) 12. O-O (12. h4 $5 Bh6 13. b3 $11) 12... Nc5 13. Qc2 Bd7 14. b3 O-O 15. a3 a4 16. b4 Nb3 17. Rad1 f5 18. Qb2 f4 19. Nc1 Nxc1 20. Rxc1 Rf6 21. c5 Rh6 22. cxb6 cxb6 23. Rfd1 (23. b5 $1 $11) 23... Bh4 (23... Qe8 $15 {should be considered.}) 24. Na2 (24. Qe2 $11) 24... Qe8 (24... b5 $15) 25. Bxh4 $1 $11 (25. Bxb6 Qh5 26. Qe2 Bd8 27. Bxd8 Qxh2+ 28. Kf1 Rxd8 $19) 25... Rxh4 26. Rc7 Rd8 27. Qc2 Kf8 28. Qf2 Rh6 29. Qxb6 {[%emt 0:03:14] Black must now prevent Rb7.} Qh5 $1 30. Rb7 $2 (30. h3 $11 {and White is okay.}) 30... Qxh2+ $19 31. Kf1 Bb5+ $1 32. Ke1 $2 {[%emt 0:06:58] [#]} (32. Kf2 $19 Qh4+ 33. Kg1) 32... Qg3+ 33. Kd2 Qxg2+ 34. Kc1 Rc8+ 35. Rc7 Rxc7+ 36. Qxc7 Qxa2 37. Qc8+ Ke7 38. Qb7+ Bd7 {[%emt 0:00:04] Weighted Error Value: White=0.54/Black=0.06 (flawless)} 0-1

[Event "1000IM Saint Louis 2022"]
[Site "Saint Louis"]
[Date "2022.07.20"]
[Round "4.2"]
[White "Kozelov, Roman"]
[Black "Altman, Joshua"]
[Result "1/2-1/2"]
[ECO "C10"]
[WhiteElo "2104"]
[BlackElo "2162"]
[Annotator "TA"]
[PlyCount "53"]
[EventDate "2022.07.20"]
[EventType "tourn"]
[EventCountry "USA"]
[SourceTitle "playchess.com"]
[Source "ChessBase"]
[SourceQuality "1"]
[TimeControl "5400+30"]

1. e4 e6 2. d4 d5 3. Nc3 Nf6 4. Bg5 dxe4 5. Nxe4 Nbd7 6. Nxf6+ Nxf6 7. Nf3 Be7 8. Bd3 b6 9. Ne5 Bb7 10. Bb5+ {[%emt 0:02:30] C10: French with 3 Nc3: Unusual Black 3rd moves and 3...dxe4.} c6 11. Bc4 ({But not} 11. Nxc6 $2 Qd5 12. Bxf6 Bxf6 13. Na5+ Qxb5 $19) 11... O-O 12. O-O {[%emt 0:03:32] [#] Black has an edge.} Qc7 $146 (12... c5 {seems wilder.} 13. dxc5 Bxc5 14. Re1 h6) ({Predecessor:} 12... Nd7 13. Bxe7 Qxe7 14. Qe2 Nxe5 15. Qxe5 Rfd8 16. Rad1 Rac8 17. a4 c5 18. d5 Qh4 {½-½ (50) Koitka,J (1677)-Zebracki,T (1795) Leba 2009}) 13. Qe2 {[%emt 0:01:15] The position is equal.} Nd5 14. Bxe7 Qxe7 15. Bxd5 exd5 16. Rfe1 Rae8 {[%emt 0:03:06] [#] Threatens to win with ...f6.} 17. Qd2 {[%emt 0:00:17][%cal Oe5g6] Black must now prevent Ng6!} Qd6 {[%emt 0:01:23] Against Ng6} 18. Re3 f6 19. Nd3 Bc8 20. Rae1 Rxe3 21. Qxe3 Bf5 22. Qe7 Qxe7 23. Rxe7 Bxd3 24. cxd3 Rf7 $1 25. Re8+ Rf8 26. Re7 Rf7 $1 27. Re8+ {[%emt 0:00:04] Weighted Error Value: White=0.04 (flawless) /Black=0.03 (flawless)} 1/2-1/2

[Event "1000IM Saint Louis 2022"]
[Site "Saint Louis"]
[Date "2022.07.20"]
[Round "4.3"]
[White "Wang, Tianqi"]
[Black "Stefanov, Emil"]
[Result "1/2-1/2"]
[ECO "A01"]
[WhiteElo "2402"]
[BlackElo "2342"]
[Annotator "TA"]
[PlyCount "104"]
[EventDate "2022.07.20"]
[EventType "tourn"]
[EventCountry "USA"]
[SourceTitle "playchess.com"]
[Source "ChessBase"]
[SourceQuality "1"]
[TimeControl "5400+30"]

1. b3 e5 2. Bb2 Nc6 3. c4 Nf6 4. e3 d5 5. cxd5 Nxd5 6. a3 Bd6 7. Qc2 Qe7 {[%emt 0:04:25] A01: Nimzowitsch-Larsen Opening.} 8. b4 a6 9. Nc3 Nxc3 {[%emt 0:02:42] Black has an edge.} 10. Bxc3 O-O {[%emt 0:01:00] [#]} (10... Nd4 $5 11. Bxd4 exd4 $15) 11. Nf3 $146 ({Predecessor:} 11. Bd3 f5 12. Nf3 Kh8 13. e4 f4 14. h3 Bd7 15. Be2 Rae8 16. d3 Rc8 17. O-O {0-1 (35) Constantinou,P (2268)-Rorrer,G (2204) Chess.com INT 2022}) 11... e4 {[%emt 0:04:13] Prevents Bd3.} 12. Nd4 Nxd4 13. Bxd4 a5 14. bxa5 Rxa5 15. Qc3 Rg5 (15... Re5 $5) 16. h4 Rg4 17. Qb2 Re8 (17... h6 $15) 18. g3 $11 Rg6 19. Bb5 c6 20. Be2 Be5 (20... h6 {seems wilder.} 21. Bh5 Bg4 22. Bxg6 fxg6 23. Kf1 b5) 21. Bxe5 Qxe5 22. Qxe5 Rxe5 23. d4 exd3 24. Bxd3 Rd6 25. Be2 Kf8 26. O-O Rd2 27. Bf3 Ke7 28. Rfd1 (28. Rfb1 $15) 28... Rxd1+ $17 29. Rxd1 {[%emt 0:03:31][%mdl 4096] Endgame KRB-KRB} Ra5 30. Rd3 Bf5 (30... c5 $17 31. Rc3 b6) 31. Rb3 $15 Ra7 32. Kg2 Be6 33. Rc3 Ra4 ({Black should play} 33... Kd6 $17) 34. Bd1 Ra5 35. g4 h6 36. f4 Rd5 37. Bf3 Rd2+ 38. Kg3 f6 39. f5 Bd7 40. Kf4 Kd6 $1 41. g5 b5 42. gxh6 gxh6 43. Rc1 c5 44. Rg1 $1 {[%emt 0:00:28] The position is equal.} Rh2 45. Rg6 Rxh4+ 46. Kg3 Rh3+ 47. Kg2 $1 (47. Kxh3 $2 {loses.} Bxf5+ 48. Rg4 h5 $19) 47... Rh4 {[%emt 0:05:51] [#] Threatens to win with ...c4.} 48. Rxf6+ Ke5 49. Rb6 Kxf5 50. Kg3 Ra4 {[%emt 0:00:04] aiming for ...h5.} 51. Rb7 Be8 52. Rb8 Ke5 $2 {[%emt 0:00:30][%mdl 40960] Weighted Error Value: White=0.10 (very precise) /Black=0.11 (very precise) . An unexpected result.} 1/2-1/2

[Event "1000IM Saint Louis 2022"]
[Site "Saint Louis"]
[Date "2022.07.20"]
[Round "4.4"]
[White "Tokhirjonova, Gulrukhbegim"]
[Black "Williams, Justus"]
[Result "0-1"]
[ECO "B41"]
[WhiteElo "2329"]
[BlackElo "2390"]
[Annotator "TA"]
[PlyCount "98"]
[EventDate "2022.07.20"]
[EventType "tourn"]
[EventCountry "USA"]
[SourceTitle "playchess.com"]
[Source "ChessBase"]
[SourceQuality "1"]
[TimeControl "5400+30"]

1. e4 c5 2. Nf3 e6 3. d4 cxd4 4. Nxd4 a6 5. c4 Nf6 6. Nc3 Qc7 7. f4 d6 {[%emt 0:02:12] Inhibits e5. B41: Sicilian: Kan Variation: 5 c4.} (7... Bb4 $11) 8. Be2 $14 b6 9. Be3 Bb7 {[%emt 0:01:24] White is slightly better.} 10. Bf3 Nbd7 11. O-O ({Much worse is} 11. Qa4 Rc8 $15) 11... Rc8 12. Rc1 Be7 13. b3 Nc5 14. Qc2 O-O 15. g4 h6 {[%emt 0:07:47] [#]} 16. h4 $146 ({Predecessor:} 16. Kh1 Qb8 17. Qg2 Qa8 18. g5 hxg5 19. b4 g4 20. bxc5 gxf3 21. Nxf3 Nxe4 22. Na4 {0-1 (39) Zur,J (1833)-Kornrumpf,J (2020) Berlin 2006}) 16... Nh7 (16... h5 $14) 17. b4 $16 Nd7 18. g5 hxg5 19. hxg5 e5 (19... Qxc4 $2 20. Qd2 Qxb4 21. Nd5 $1 Qxd2 22. Nxe7+ Kh8 23. Bxd2 Rxc1 24. Rxc1 $18) 20. Nf5 Qd8 21. Qg2 exf4 22. Bxf4 g6 {[%emt 0:01:10][%cal Re7g5] [#]} 23. Nxd6 $2 ({White must play} 23. Kf2 $1 $18 {[%cal Of1h1] Strongly threatening Rh1!} gxf5 (23... Bxg5 24. Rh1) 24. Rh1) 23... Bxd6 $11 24. Bxd6 Re8 25. Bf4 {[%emt 0:03:57] aiming for Nd5. This bishop pair is nice.} Rxc4 26. Nd5 $2 {[%emt 0:01:12][%mdl 8192] Black converts the advantage convincingly.} (26. Qg3 $11 {and White stays safe.}) 26... Bxd5 $19 27. Rxc4 Bxc4 28. Rc1 b5 {[%emt 0:00:19] And now ...Ne5 would win.} 29. Rd1 Qb6+ 30. Kh2 Ne5 {[%emt 0:00:16] White must now prevent ...Nd3.} 31. Be2 Qe6 32. Kg3 Bxe2 33. Qxe2 Rc8 34. Rd5 Rc3+ 35. Kf2 Rf3+ 36. Qxf3 Nxf3 37. Kxf3 f6 38. Ke3 Nxg5 39. Bxg5 fxg5 40. Rxg5 {[%emt 0:00:10][%mdl 4096] Endgame KQ-KR} Kf7 41. Rd5 Qh3+ {[%emt 0:01:27] Black mates.} 42. Kd4 Qa3 43. Kc5 Qxa2 44. Rd7+ Ke6 45. Rd6+ Ke5 46. Rxg6 Qc4+ 47. Kb6 Qxb4 48. Kxa6 Qa4+ 49. Kb7 Qxe4+ {[%emt 0:00:08] Weighted Error Value: White=0.74/Black=0.11 (very precise)} 0-1

[Event "1000IM Saint Louis 2022"]
[Site "Saint Louis"]
[Date "2022.07.20"]
[Round "4.5"]
[White "Sethuraman, Sandeep"]
[Black "Proleiko, Julian"]
[Result "1-0"]
[ECO "D36"]
[WhiteElo "2305"]
[BlackElo "2238"]
[Annotator "TA"]
[PlyCount "105"]
[EventDate "2022.07.20"]
[EventType "tourn"]
[EventCountry "USA"]
[SourceTitle "playchess.com"]
[Source "ChessBase"]
[SourceQuality "1"]
[TimeControl "5400+30"]

1. d4 d5 2. c4 e6 3. Nc3 Nf6 4. cxd5 exd5 5. Bg5 c6 6. Qc2 Bd6 7. e3 O-O {[%emt 0:00:05] D36: Queen's Gambit Declined: Exchange Variation: Main line (5 Bg5 c6 6 Qc2).} 8. Bd3 {[%emt 0:01:47][%cal Od3h7] Black must now prevent Bxh7+!} h6 9. Bh4 Re8 {[%emt 0:00:07] The position is equal.} 10. Rb1 a5 11. Nge2 Na6 12. a3 $1 {[%emt 0:01:16] Inhibits Nb4.} Nc7 13. h3 Ne6 14. O-O {[%emt 0:02:04] [#]} Ng5 $146 ({Predecessor:} 14... Bd7 15. b4 b5 16. e4 axb4 17. axb4 dxe4 18. Nxe4 Be7 19. Bg3 Nd5 20. Nd6 Bxd6 21. Bxd6 {½-½ (63) Vidit,S (2723)-Xiong,J (2685) Chess.com INT 2022}) 15. Bg3 Bf8 16. Be5 Nxh3+ 17. gxh3 $16 Bxh3 18. Rfe1 Ng4 (18... Bd7 $142 19. Bf5 Qc8 20. Bxd7 Nxd7) 19. Bg3 $1 (19. Bh7+ $6 Kh8 20. Bg3 Nxe3 21. fxe3 Qg5 $11) 19... Bd6 20. Nf4 Bxf4 21. Bxf4 ({Don't take} 21. exf4 Qf6 $16) 21... Qh4 (21... Qf6 $142) 22. Qe2 $1 $18 Re6 {[%emt 0:03:20][%cal Og4e3] [#]} 23. Qf3 Rae8 24. Bg3 Qh5 25. Qf5 g5 {[%emt 0:05:56] ...Nf6 is the strong threat.} 26. Be2 Kg7 27. Qd3 ({Not} 27. Bd3 $2 Nf6 28. Be2 Bxf5 $19) 27... Qg6 (27... R6e7 $142 28. Qf5 Qg6 29. Qxg6+ (29. Bxg4 Qxf5 30. Bxf5 Bxf5 $16) 29... fxg6) 28. Qxg6+ Kxg6 29. b4 axb4 30. axb4 (30. Bd3+ $18 Kg7 31. Rxb4) 30... h5 $2 {[%emt 0:05:25] Black cannot hold the game after this.} ({Black should try} 30... Nxe3 $1 $14 31. fxe3 Rxe3) 31. Na4 h4 32. Bh2 Rf6 33. Bd3+ Kh5 34. Rb2 Nxh2 35. Kxh2 Bg4 (35... Bc8 $16 36. b5 g4) 36. b5 Rg8 37. bxc6 bxc6 38. Nc5 Be6 39. Bf1 g4 {[%emt 0:00:12] [#]} (39... Bf5 $16 {might work better.} 40. Bd3 Ra8 41. Bxf5 Rxf5) 40. Nd3 $1 Rf3 41. Nf4+ Kh6 (41... Kg5 $142 42. Bg2 g3+ 43. fxg3 Rxg3) 42. Bg2 g3+ 43. fxg3 Rfxg3 44. Nxe6 fxe6 45. Bh3 R8g6 46. Rc2 Rf6 47. Ree2 Rff3 $2 (47... e5 48. dxe5 Rff3) 48. Bxe6 {[%emt 0:00:35] White is clearly winning.} Rxe3 49. Rxe3 Rxe3 50. Rxc6 Kg5 51. Bxd5 Rd3 52. Rc4 Rd2+ 53. Bg2 {[%emt 0:00:42] Weighted Error Value: White=0.14 (very precise) /Black=0.43} 1-0